 Dungeon Crawl Stone Soup version 0.24-a0-458-gfcb5e6da0e (webtiles) character file.

Game seed: 13938902147916507452

29 KristoblXynda the Ducker (level 3, -5/19 HPs)
             Began as a Spriggan Fighter on June 26, 2019.
             Killed from afar by Natasha (10 damage)
             ... with a magic dart
             ... on level 2 of the Dungeon.
             The game lasted 00:01:03 (468 turns).

KristoblXynda the Ducker (Spriggan Fighter)          Turns: 468, Time: 00:01:03

Health: -5/19      AC:  0    Str: 12    XL:     3   Next: 1%
Magic:  4/4        EV: 17    Int: 10    God:
Gold:   43         SH:  0    Dex: 15    Spells: 2/2 levels left

rFire    . . .     SeeInvis +   (weapon currently unavailable)
rCold    . . .     Gourm    .   (shield currently unavailable)
rNeg     . . .     Faith    .   (armour currently unavailable)
rPois    .         Spirit   .   (helmet currently unavailable)
rElec    .         Reflect  .   (cloak currently unavailable)
rCorr    .         Harm     .   (gloves unavailable)
MR       .....                  (boots unavailable)
Stlth    ++........             (no amulet)
HPRegen  0.06/turn              (ring currently unavailable)
MPRegen  0.09/turn              (ring currently unavailable)

@: pig-form (expiring), very quick
A: small, unfitting armour, see invisible, herbivore, slow metabolism 2
a: no special abilities


You were on level 2 of the Dungeon.
You were not hungry.
You were a filthy swine.
You visited 1 branch of the dungeon, and saw 2 of its levels.

You collected 43 gold pieces.

Inventory:

Hand Weapons
 a - a +0 rapier
 g - a +0 dagger (melded)
Armour
 b - a +0 robe (melded)
 c - a +0 buckler (melded)
Wands
 i - a wand of iceblast (8)
Scrolls
 h - a scroll of identify {unknown}
 j - a scroll of random uselessness {unknown}
 l - a scroll of teleportation
Potions
 d - a potion of might
 e - a potion of curing {unknown}
 k - a potion of brilliance {unknown}
Comestibles
 f - 3 rations


   Skills:
 + Level 2.6 Fighting
 + Level 2.6 Short Blades
 + Level 4.8 Dodging
 + Level 1.7 Stealth
 + Level 2.4 Shields


You had 2 spell levels left.
You didn't know any spells.
Your spell library was empty.

Dungeon Overview and Level Annotations

Branches:
Dungeon (1/15)

Altars:
Hepliaklqana
Uskayaw

Annotations:
D:2 Natasha


Innate Abilities, Weirdness & Mutations

You are very small and have problems with some larger weapons.
You are too small for most types of armour.
You have supernaturally acute eyesight. (SInv)
You are a herbivore.
((You cover ground extremely quickly.))
You need to consume almost no food.


Message History

You hit Natasha.
Natasha is severely wounded.
Natasha closely misses you. The white imp puffs mist at you.
You hit Natasha.
Natasha is almost dead.
Natasha completely misses you.
You barely miss Natasha.
Natasha is almost dead.
Natasha barely misses you.
You hit Natasha.
Natasha is almost dead.
Your transformation is almost over.
Natasha completely misses you.
You closely miss Natasha.
Natasha is almost dead.
Natasha stares at you and mumbles some strange words.
The magic dart hits you!
Ouch! That really hurt!
You die...

#.†........#.###....#
#####..........#. #...##.
#..........###### #w÷##..
####.###.....## .. #.....#
####....# ##...## ... ###.#.#
#....#### ##..# .... #...#
#....########### ...#. ###†.
#.†..........>##...### #....
###.))########..hh5..#y# #....
......#......#.###...### #.##.
................## ...#. ####.
.................# .... ###..
.................# ... .##.#
................## .. ##....
............(..#### #### ....###
.......)..........####.. #.##)..
..............###......####.##...


You could see a moth of wrath, Natasha and a white imp.

Vanquished Creatures
  An adder (D:2)
  An ooze (D:2)
  A giant cockroach (D:2)
  4 goblins (D:2)
  5 hobgoblins (D:2)
  A ball python (D:2)
  A frilled lizard (D:2)
  A rat (D:2)
15 creatures vanquished.

Notes
Turn   | Place    | Note
-------+----------+-------------------------------------------
     0 | D:1      | KristoblXynda the Spriggan Fighter began the quest for the
                  | Orb.
     0 | D:1      | Reached XP level 1. HP: 11/11 MP: 2/2
     8 | D:1      | You fall into a shaft and drop 1 floor!
    55 | D:2      | Reached skill level 1 in Stealth
    55 | D:2      | Reached XP level 2. HP: 15/16 MP: 3/3
   269 | D:2      | Found a hide-covered altar of Uskayaw.
   342 | D:2      | Reached XP level 3. HP: 14/19 MP: 4/4
   428 | D:2      | Found a hazy altar of Hepliaklqana.
   453 | D:2      | Noticed Natasha
   454 | D:2      | Noticed a moth of wrath
   468 | D:2      | Killed from afar by Natasha

Levels and vault maps discovered:
D:1:      eino_arrival_tree_alley, layout_basic, dk_noncrumbling_3,
          lexackson_kobold_supper
D:2:      layout_rooms, lemuel_round_altar, tgw_trog, overflow_temple_1_default,
          lemuel_altar_in_water, uniq_natasha

Skill      XL: |  1 |
---------------+----+-----
Stealth        | 1 |  1.7
Fighting       | |  2.6
Short Blades   | |  2.6
Dodging        | |  4.8
Shields        | |  2.4

Action                   || total
-------------------------++-------
Melee: Rapier            ||    28
       Dagger            ||    22
       Unarmed           ||     8
  Use: Scroll            ||     1
 Stab: Sleeping          ||     1
Armor: Robe              ||     2
Dodge: Dodged            ||    31
Block: Buckler           ||    16

Table legend:
 A = Non-vault XP
 B = Vault XP
 C = Vault XP percentage of total XP
 D = Non-vault monster count
 E = Vault monster count
 F = Vault count percentage of total count
                 A         B        C        D         E       F
            +---------+---------+-------+---------+---------+-------
      Total |      42 |       0 |   0.0 |      15 |       0 |   0.0
            +---------+---------+-------+---------+---------+-------
        D:2 |      42 |       0 |   0.0 |      15 |       0 |   0.0
            +---------+---------+-------+---------+---------+-------
